 Dungeon Crawl Stone Soup version 0.31.0-11-ge490571c62 (webtiles) character file.

Game seed: 10178567237632898880

401 qw the Skirmisher (level 6, 0/36 HPs)
             Began as a Deep Elf Hunter on Feb 3, 2024.
             Slain by a black bear (2 damage)
             ... on level 4 of the Dungeon.
             The game lasted 00:00:08 (2584 turns).

qw the Skirmisher (Deep Elf Hunter)                 Turns: 2584, Time: 00:00:09

Health: 0/36       AC:  6    Str: 10    XL:     6   Next: 54%
Magic:  8/8        EV: 16    Int: 14    God:
Gold:   88         SH:  0    Dex: 18    Spells: 5/5 levels left

rFire   . . .        a - +0 shortbow (heavy)
rCold   . . .        (shield currently unavailable)
rNeg    . . .        g - +1 ring mail
rPois   +            (no helmet)
rElec   .            (no cloak)
rCorr   .            (no gloves)
SInv    .            (no boots)
Will    .....        (no amulet)
Stlth   +            c - +5 ring of evasion
HPRegen 0.26/turn    b - ring of poison resistance
MPRegen 0.11/turn

%: no passive effects
@: no status effects
A: no striking features
a: no special abilities


You were on level 4 of the Dungeon.
You visited 1 branch of the dungeon, and saw 4 of its levels.

You collected 88 gold pieces.


   Skills:
 - Level 2.7 Fighting
 + Level 9.8 Ranged Weapons
 - Level 2.4 Dodging
 - Level 1.2 Stealth


You had 5 spell levels left.
You didn't know any spells.
Your spell library was empty.

Inventory:

Hand Weapons
 a - a +0 heavy shortbow (weapon)
Armour
 g - a +1 ring mail (worn)
Jewellery
 b - a ring of poison resistance (right hand)
 c - a +5 ring of evasion (left hand)
Potions
 d - a potion of enlightenment
 e - a potion of curing

Dungeon Overview and Level Annotations

Branches:
Dungeon (4/15)
 Temple: D:4-7

Altars:
Hepliaklqana


Message History

You shoot an arrow. The arrow hits the black bear!
The black bear is moderately wounded.
The black bear bites you but does no damage.
The black bear claws you. The black bear misses you.
You shoot an arrow. The arrow hits the black bear.
The black bear is heavily wounded.
The black bear bites you but does no damage.
The black bear claws you.
The black bear claws you but does no damage.
The black bear bites you. The black bear closely misses you.
The black bear misses you.
You shoot an arrow. The arrow barely misses the black bear.
The black bear bites you. The black bear claws you. x2
The black bear bites you. The black bear claws you.
The black bear closely misses you.
You shoot an arrow. The arrow hits the black bear!
The black bear is severely wounded.
The black bear barely misses you. x2; The black bear completely misses you.
You shoot an arrow. The arrow barely misses the black bear.
The black bear goes berserk!
The black bear bites you. The black bear claws you. The black bear misses you.
2581 ||| RETREEEEATING.
The black bear attacks as it pursues you!
The black bear misses you.
The black bear claws you but does no damage.
The black bear misses you.
There is a large open door here.
2582 ||| RETREEEEATING.
The black bear rages.
The black bear attacks as it pursues you!
The black bear closely misses you. The black bear claws you.
The black bear completely misses you. The black bear closely misses you.
The black bear claws you. The black bear misses you.
2583 ||| RETREEEEATING.
You shoot an arrow.
The arrow closely misses the black bear.
The black bear closely misses you.
The black bear claws you but does no damage.
The black bear claws you.
You die...

##.####.# #.#
#.####.###[#
#........... + ## +
#..####..... +.##. .+
#..# ####.# #~#.##~#
#..# #.#
#~~.s~~#####..# #.#
###''###......#######.#
#..h@..###..........#
######## ############


You could see a black bear (berserk).

Vanquished Creatures
  An ogre (D:4)
  Blork the orc (D:4)
  A scorpion (D:3)
  A bombardier beetle (D:3)
  2 orc wizards (D:3)
  4 adders
  A dart slug (D:1)
  A ribbon worm (D:3)
  An orc (D:3)
  10 endoplasms
  4 giant cockroaches
  3 hobgoblins
  4 jackals (D:3)
  6 kobolds
  2 quokkas (D:3)
  4 ball pythons
  5 bats (D:1)
  4 frilled lizards
  7 goblins
  6 rats
68 creatures vanquished.

Notes
Turn   | Place    | Note
-------+----------+-------------------------------------------
     0 | D:1      | qw the Deep Elf Hunter began the quest for the Orb.
     0 | D:1      | Reached XP level 1. HP: 12/12 MP: 3/3
     0 | D:1      | 0 ||| qw: Version: 0.3-a-155-g5e7d8dd
     0 | D:1      | 0 ||| qw: Game counter: 3471
     0 | D:1      | 0 ||| qw: Melee chars always use a shield: true
     0 | D:1      | 0 ||| qw: God list: Okawaru
     0 | D:1      | 0 ||| qw: Allow faded altars: false
     0 | D:1      | 0 ||| qw: Do Orc after clearing Dungeon:15 true
     0 | D:1      | 0 ||| qw: Do second Lair branch before Depths: true
     0 | D:1      | 0 ||| qw: Lair rune preference: random
     0 | D:1      | 0 ||| qw: Goals: Normal
     0 | D:1      | 0 ||| PLANNING D:1-11
   137 | D:1      | Reached XP level 2. HP: 16/16 MP: 4/4
   253 | D:1      | Reached skill level 6 in Ranged Weapons
   805 | D:1      | 805 ||| UPGRADING to +0 ring mail.
   815 | D:1      | 815 ||| DROPPING +0 leather armour.
   816 | D:1      | 816 ||| DROPPING ring of wizardry.
   817 | D:1      | 817 ||| READING scroll labelled QIESULL QIFIOKE.
   817 | D:1      | 817 ||| BRANDING +0 shortbow.
   818 | D:1      | 818 ||| READING 2 scrolls labelled XEGHYE NUGGARA.
   818 | D:1      | 818 ||| IDENTIFYING scroll labelled BOUNAO EFOSICK
   819 | D:1      | 819 ||| READING scroll of identify.
   819 | D:1      | 819 ||| IDENTIFYING scroll labelled VEBLI PECA
   820 | D:1      | 820 ||| READING scroll of enchant armour.
   820 | D:1      | 820 ||| ENCHANTING +0 ring mail.
   821 | D:1      | 821 ||| READING 2 scrolls labelled YSHUPEX LOASHE.
   822 | D:1      | 822 ||| DROPPING scroll of butterflies.
   823 | D:1      | 823 ||| DROPPING scroll of noise.
   824 | D:1      | 824 ||| DROPPING scroll of poison.
   849 | D:2      | Reached XP level 3. HP: 20/20 MP: 5/5
   873 | D:2      | Found a hazy altar of Hepliaklqana.
  1165 | D:2      | Reached skill level 7 in Ranged Weapons
  1331 | D:2      | 1331 ||| UPGRADING to +5 ring of evasion.
  1332 | D:2      | 1332 ||| READING 2 scrolls of identify.
  1332 | D:2      | 1332 ||| IDENTIFYING amethyst potion
  1333 | D:2      | 1333 ||| READING scroll of identify.
  1333 | D:2      | 1333 ||| IDENTIFYING 2 murky golden potions
  1334 | D:2      | 1334 ||| READING scroll labelled XIODYDULLA.
  1335 | D:2      | 1335 ||| READING scroll labelled PAURGH WUSHRIVARPH.
  1374 | D:2      | 1374 ||| DROPPING 2 potions of lignification.
  1530 | D:3      | Noticed a scorpion
  1537 | D:3      | Killed a scorpion
  1538 | D:3      | Reached skill level 8 in Ranged Weapons
  1538 | D:3      | Reached XP level 4. HP: 23/25 MP: 6/6
  1556 | D:3      | Reached XP level 5. HP: 29/29 MP: 7/7
  1732 | D:3      | 1732 ||| DRINKING potion of curing.
  1732 | D:3      | 1732 ||| (to cure confusion)
  1865 | D:3      | Reached skill level 9 in Ranged Weapons
  2229 | D:3      | 2229 ||| DROPPING scarf of harm.
  2230 | D:3      | 2230 ||| UPGRADING to ring of poison resistance.
  2231 | D:3      | 2231 ||| READING scroll of identify.
  2231 | D:3      | 2231 ||| IDENTIFYING yellow potion
  2232 | D:3      | 2232 ||| READING 2 scrolls labelled ZUS QIYR CUST.
  2333 | D:3      | 2333 ||| DRINKING 2 cyan potions.
  2334 | D:3      | 2334 ||| DROPPING potion of attraction.
  2335 | D:3      | 2335 ||| DROPPING scroll of silence.
  2348 | D:4      | Noticed an ogre
  2360 | D:4      | Killed an ogre
  2361 | D:4      | Reached XP level 6. HP: 36/36 MP: 8/8
  2379 | D:4      | Noticed Blork the orc
  2392 | D:4      | Killed Blork the orc
  2580 | D:4      | HP: 7/36 [black bear (5)]
  2581 | D:4      | 2581 ||| RETREEEEATING.
  2582 | D:4      | 2582 ||| RETREEEEATING.
  2582 | D:4      | HP: 1/36 [black bear (3)]
  2583 | D:4      | 2583 ||| RETREEEEATING.
  2584 | D:4      | Slain by a black bear

Levels and vault maps discovered:
D:1:      eino_arrival_water_cross, layout_basic
D:2:      layout_loops_ring, basic_altar
D:3:      layout_basic
D:4:      layout_loops_ring, kennysheep_generic_room_12, uniq_blork_the_orc

Skill      XL: |  1  2  3  4  5 |
---------------+----------------+-----
Ranged Weapons | 6 8 9 |  9.8
Fighting       | 2 |  2.7
Dodging        | |  2.4
Stealth        | |  1.2

Action                     |  1- 3 |  4- 6 || total
---------------------------+-------+-------++-------
   Fire: Shortbow          |    87 |    84 ||   171
    Use: Scroll            |     9 |     2 ||    11
         Potion            |       |     2 ||     2
 Armour: Leather armour    |     4 |       ||     4
         Ring mail         |     9 |    40 ||    49
  Dodge: Dodged            |    20 |    47 ||    67

Table legend:
 A = Non-vault XP
 B = Vault XP
 C = Vault XP percentage of total XP
 D = Non-vault monster count
 E = Vault monster count
 F = Vault count percentage of total count
                 A         B        C        D         E       F
            +---------+---------+-------+---------+---------+-------
      Total |     474 |      99 |  17.3 |      67 |       1 |   1.5
            +---------+---------+-------+---------+---------+-------
        D:1 |      39 |       0 |   0.0 |      23 |       0 |   0.0
        D:2 |      27 |       0 |   0.0 |       9 |       0 |   0.0
        D:3 |     265 |       0 |   0.0 |      28 |       0 |   0.0
        D:4 |     143 |      99 |  40.9 |       7 |       1 |  12.5
            +---------+---------+-------+---------+---------+-------
